 Seeded DCSS version 0.31-a0-233-g139696dc86 (webtiles) character file.

Game seed: 1173353110329037709 (custom seed)

185 innerfire43 the Poker (level 5, 0/41 HPs)
             Began as a Demonspawn Monk on July 9, 2023.
             Slain by Edmund
             ... wielding a +1 flail of holy wrath
              (3 damage)
             ... on level 4 of the Dungeon.
             The game lasted 00:02:42 (2933 turns).

innerfire43 the Poker (Demonspawn Monk)             Turns: 2933, Time: 00:02:42

Health: 0/41       AC:  4    Str: 13    XL:     5   Next: 37%
Magic:  5/5        EV: 13    Int: 12    God:
Gold:   122        SH:  5    Dex: 15    Spells: 4/4 levels left

rFire   . . .        a - +0 spear
rCold   . . .        d - orb {light}
rNeg    . . .        b - +0 robe
rPois   .            (helmet restricted)
rElec   .            (no cloak)
rCorr   .            u - +0 pair of gloves
SInv    .            k - +0 pair of boots
Will    .....        g - amulet of reflection
Stlth   +            (no ring)
HPRegen 0.26/turn    (no ring)
MPRegen 0.09/turn

%: reflection
@: glowing
A: antennae 1, demonic guardian 1
a: no special abilities


You were on level 4 of the Dungeon.
You visited 1 branch of the dungeon, and saw 4 of its levels.

You collected 122 gold pieces.

Inventory:

Hand Weapons
 a - a +0 spear (weapon)
Armour
 b - a +0 robe (worn)
 d - an orb of light (worn)
 k - a +0 pair of boots (worn)
 u - a +0 pair of gloves (worn)
Jewellery
 g - an amulet of reflection (around neck)
Wands
 r - a wand of light (4)
Scrolls
 e - 2 scrolls of blinking {unknown}
 i - 2 scrolls of identify {unknown}
 j - 3 scrolls of teleportation {unknown}
 l - a scroll of immolation {unknown}
 m - a scroll of amnesia {unknown}
 n - a scroll of revelation {unknown}
 o - 3 scrolls of poison {unknown}
 q - 2 scrolls of enchant weapon {unknown}
 s - a scroll of enchant armour {unknown}
Potions
 c - a potion of ambrosia
 f - 3 potions of lignification {unknown}
 h - a potion of cancellation {unknown}
 p - a potion of heal wounds {unknown}
 t - a potion of enlightenment {unknown}
 v - a potion of degeneration {unknown}


   Skills:
 - Level 3.0 Fighting
 * Level 4.8 Polearms
 + Level 3.8 Dodging


You had 4 spell levels left.
You didn't know any spells.
Your spell library contained the following spells:

 Spells                   Type           Power      Damage    Failure   Level
 Magic Dart               Conj           0%         1d3       32%         1
 Call Imp                 Summ           0%         N/A       45%         2
 Ignite Poison            Fire/Tmut/Pois 0%         N/A       69%         3
 Inner Flame              Hex/Fire       0%         N/A       69%         3
 Mephitic Cloud           Conj/Pois/Air  0%         N/A       69%         3
 Flame Wave               Conj/Fire      0%         2d4       97%         4
 Sticky Flame             Conj/Fire      0%         2d3       97%         4
 Summon Forest            Summ/Tloc      0%         N/A       100%        5
 Summon Mana Viper        Hex/Summ       0%         N/A       100%        5
 Summon Cactus Giant      Summ           0%         N/A       100%        6
 Ignition                 Fire           0%         3d3       100%        8


Dungeon Overview and Level Annotations

Branches:
Dungeon (4/15)
 Temple: D:4-7

Altars:

Annotations:
D:4 Edmund


Innate Abilities, Weirdness & Mutations

You have a pair of small antennae on your head.
A weak demonic guardian rushes to your aid.


Message History

e - 2 scrolls labelled APIRCH LEFOMAWN (gained 1)
Found a stone staircase leading down.
No target in view!
Edmund the Younger comes into view.
He is wielding a +1 flail of holy wrath.
Edmund shouts!
Edmund moves out of view.
No target in view!
Edmund is nearby!
You hit Edmund but do no damage.
Edmund is nearby!
You hit Edmund.
Edmund is lightly wounded.
An iguana comes into view.
Edmund hits you with a +1 flail of holy wrath!
You convulse.
You completely miss Edmund.
Edmund is lightly wounded.
The iguana hisses angrily.
Edmund says, "I might not be good at magic, but I can still kill you!"
Edmund completely misses you.
You hit Edmund.
Edmund is lightly wounded.
Edmund completely misses you.
You hit Edmund but do no damage.
Edmund is lightly wounded.
Edmund hits you with a +1 flail of holy wrath!
You convulse!
* * * LOW HITPOINT WARNING * * *
A demonic guardian appears!
Unknown command.
Aiming: Bolt of Light
Press: ? - help, Shift-Dir - straight line, f - Edmund
Aim: Edmund, wielding a +1 flail of holy wrath and wearing a +0 chain mail (lightly wounded, ally target, haloed, 86% to hit)
The bolt of light hits Edmund!
Edmund is moderately wounded.
Edmund is blinded.
Edmund closely misses you.
You hit Edmund but do no damage.
Edmund is moderately wounded.
Edmund hits you with a +1 flail of holy wrath.
You die...

####.#.#.####.#. ###.
#...#.# ##.# ...
###...####### #..
###........
###..#########..######
................#
##..#....>##..#.#
#.>l@.###.##..#.#
#..5@.# #.##..#.#####
#.....###.....(......
#.###.....###........
# ####### #.#.#####
#.#... #.##### ..# ###


You could see Edmund (blind, ally target), an iguana and a friendly iron imp
(summoned).

Vanquished Creatures
  An orc priest (D:2)
  A gnoll (D:1)
  6 adders
  A worm (D:3)
  4 dart slugs
  9 orcs
  3 bats
  8 endoplasms
  2 giant cockroaches (D:1)
  11 hobgoblins
  5 jackals
  2 quokkas
  2 ball pythons (D:2)
  2 frilled lizards
  5 goblins
  3 kobolds
  4 rats
69 creatures vanquished.

Vanquished Creatures (collateral kills)
  A kobold (D:3)
1 creature vanquished.

Grand Total: 70 creatures vanquished

Notes
Turn   | Place    | Note
-------+----------+-------------------------------------------
     0 | D:1      | innerfire43 the Demonspawn Monk began the quest for the
                  | Orb.
     0 | D:1      | Reached XP level 1. HP: 18/18 MP: 1/1
   280 | D:1      | Reached skill level 3 in Polearms
   297 | D:1      | Gained mutation: You have a pair of small antennae on your
                  | head. [demonic ancestry]
   297 | D:1      | Reached XP level 2. HP: 24/24 MP: 2/2
   718 | D:1      | Reached XP level 3. HP: 6/29 MP: 3/3
  1182 | D:2      | Reached skill level 4 in Polearms
  1182 | D:2      | Gained mutation: A weak demonic guardian rushes to your
                  | aid. [demonic ancestry]
  1182 | D:2      | Reached XP level 4. HP: 25/35 MP: 4/4
  1287 | D:2      | Found a faded altar of an unknown god.
  2220 | D:3      | Reached XP level 5. HP: 27/41 MP: 5/5
  2923 | D:4      | Noticed Edmund
  2933 | D:4      | Slain by Edmund

Illustrated notes

Levels and vault maps discovered:
D:1:      dpeg_chamrin_arrival_tetris, layout_loops_corners, item_on_display_a
D:2:      layout_basic, hellmonk_ecumenical_altar_heavens_door,
          minmay_misc_feat_columns, grunt_decor_clamped,
          hangedman_abyss_or_decor_stabs, kennysheep_generic_room_15
D:3:      layout_loops_ring
D:4:      layout_loops_ring, minmay_temple_entry_slanted, minmay_quantized,
          uniq_crazy_yiuf_cottage, uniq_pikel, uniq_edmund

Skill      XL: |  1  2  3 |
---------------+----------+-----
Polearms       | 3 4 |  4.8
Dodging        | 3 |  3.8
Fighting       | |  3.0

Action                     |  1- 3 |  4- 6 || total
---------------------------+-------+-------++-------
  Melee: Spear             |    91 |   188 ||   279
  Evoke: Wand              |       |     1 ||     1
   Stab: Sleeping          |     1 |     1 ||     2
 Armour: Robe              |    13 |    14 ||    27
  Dodge: Dodged            |    28 |    69 ||    97
  Block: Orb               |     8 |    29 ||    37

Table legend: (Time is in decaauts)
 A = Elapsed time spent in this place.
 B = Non-inter-level travel time spent in this place.
 C = Inter-level travel time spent in this place.
 D = Time resting spent in this place.
 E = Time spent auto-exploring this place.
 F = Levels seen in this place.
 G = Mean time per level.
                   A        B        C        D        E       F      G
               +--------+--------+--------+--------+--------+-----+--------+
         Total |   2905 |   2705 |    200 |      0 |   2232 |   4 |  726.2 |
       Dungeon |   2905 |   2705 |    200 |      0 |   2232 |   4 |  726.2 |
               +--------+--------+--------+--------+--------+-----+--------+

Top non-repeatable levels by time:
     D:1: 982 daAuts
     D:2: 931 daAuts
     D:3: 879 daAuts
     D:4: 111 daAuts
